 Dungeon Crawl Stone Soup version 0.29-a0-317-gd16b76e6b1 (webtiles) character file.

Game seed: 13152432008448458204

249 Bnni the Chopper (level 6, -1/50 HPs)
             Began as a Formicid Abyssal Knight on Mar 30, 2022.
             Was a Priest of Lugonu.
             Slain by a gnoll
             ... wielding a +0 halberd
              (10 damage)
             ... on level 3 of the Dungeon.
             The game lasted 00:08:03 (3702 turns).

Bnni the Chopper (Formicid Abyssal Knight)          Turns: 3702, Time: 00:08:04

Health: -1/50      AC:  4    Str: 24    XL:     6   Next: 35%
Magic:  6/7        EV: 11    Int:  9    God:    Lugonu [***...]
Gold:   80         SH:  0    Dex: 17    Spells: 5/5 levels left

rFire   . . .      SeeInvis +   h - +3 dagger (vamp)
rCold   . . .      Faith    +   (no shield)
rNeg    + . .      Spirit   .   b - +0 leather armour
rPois   +          Reflect  .   (helmet unavailable)
rElec   .          Harm     .   (no cloak)
rCorr   .          Rampage  .   (no gloves)
Will    .....                   e - +0 pair of boots
Stlth   +.........              c - amulet of faith
HPRegen 0.16/turn               j - ring "Mecze" {rPois rN+ Str+4}
MPRegen 0.10/turn               i - +6 ring of dexterity

@: no status effects
A: permanent stasis, dig shafts and tunnels, antennae 3, four strong arms
a: Dig, Shaft Self, Renounce Religion, Depart the Abyss, Bend Space, Banish


You were on level 3 of the Dungeon.
You worshipped Lugonu.
Lugonu was most pleased with you.
You visited 1 branch of the dungeon, and saw 3 of its levels.
You visited the Abyss 1 time.

You collected 80 gold pieces.

Inventory:

Hand Weapons
 a - a +1 hand axe
 h - a +3 vampiric dagger (weapon)
Armour
 b - a +0 leather armour (worn)
 e - a +0 pair of boots (worn)
Jewellery
 c - an amulet of faith (around neck)
 i - a +6 ring of dexterity (right hand)
 j - the ring "Mecze" (left hand) {rPois rN+ Str+4}
   (You acquired it on level 1 of the Dungeon)

   [ring of poison resistance]

   Str:       It affects your strength (+4).
   rPois:     It protects you from poison.
   rN:        It protects you from negative energy.
Scrolls
 d - a scroll of amnesia
 f - a scroll of noise {unknown}
Potions
 g - a potion of ambrosia {unknown}
 l - a potion of magic {unknown}
 m - a potion of brilliance {unknown}
 n - 2 potions of attraction
 o - 2 potions of mutation
 q - a potion of curing {unknown}
 r - a potion of lignification {unknown}


   Skills:
 + Level 4.9 Fighting
 * Level 5.2 Axes
 - Level 2.1 Armour
 - Level 0.8 Dodging
 - Level 2.1 Invocations


You had 5 spell levels left.
You didn't know any spells.
Your spell library was empty.

Dungeon Overview and Level Annotations

Branches:
Dungeon (3/15)

Altars:


Innate Abilities, Weirdness & Mutations

You cannot be hasted, slowed, berserked, paralysed or teleported.
You can dig through walls and to a lower floor.
You have a pair of large antennae on your head. (SInv)
Your four strong arms can wield two-handed weapons with a shield.


Message History

You are too injured to fight recklessly!
You are too injured to fight recklessly!
You are too injured to fight recklessly!
You are too injured to fight recklessly!
You are too injured to fight recklessly!
You are too injured to fight recklessly!
You are too injured to fight recklessly!
You are too injured to fight recklessly!
You are too injured to fight recklessly!
You are too injured to fight recklessly!
You are too injured to fight recklessly!
You are too injured to fight recklessly!
You are too injured to fight recklessly!
You hit the gnoll but do no damage.
The gnoll is moderately wounded.
The gnoll hits you with a +0 halberd!
You hit the gnoll but do no damage.
The gnoll is moderately wounded.
The gnoll barely misses you.
You completely miss the gnoll.
The gnoll is moderately wounded.
The gnoll completely misses you.
You hit the gnoll but do no damage.
The gnoll is moderately wounded.
The gnoll completely misses you.
You hit the gnoll but do no damage.
The gnoll is moderately wounded.
The gnoll hits you with a +0 halberd!
* * * LOW HITPOINT WARNING * * *
Okay, then.
Space bends around you!
You blink.
The gnoll closely misses you.
You hit the gnoll.
You feel better.
The gnoll is lightly wounded.
The gnoll barely misses you.
A gnoll comes into view. It is wielding a +0 flail.
The gnoll shouts!
You hit the gnoll.
You feel better.
The gnoll is severely wounded.
The gnoll hits you from afar with a +0 halberd!
You die...

##### #
#.#.#############################
..#..........ggg@.....g.........#
#....รท....#####################.#
#................ #.#
#.#.#####.###### #.# #.#.####..#
##g# #.#.......####### #{{.
#.#.............. #.g.
#.##.....#####... ########...
#..'.....'....... ...........


You could see 4 gnolls.

Vanquished Creatures
  A necrophage (D:3)
  An iguana (D:3)
  A gnoll (D:1)
  7 adders
  4 worms
  2 dart slugs
  6 bats
  9 endoplasms
  2 giant cockroaches
  9 goblins
  2 hobgoblins
  6 jackals (D:2)
  5 quokkas
  2 ball pythons
  3 frilled lizards
  3 kobolds
  13 rats
76 creatures vanquished.

Vanquished Creatures (others)
  2 plants (D:1)
2 creatures vanquished.

Grand Total: 78 creatures vanquished

Notes
Turn   | Place    | Note
-------+----------+-------------------------------------------
     0 | Abyss:1  | Bnni the Formicid Abyssal Knight began the quest for the
                  | Orb.
     0 | Abyss:1  | Reached XP level 1. HP: 18/18 MP: 2/2
    13 | Abyss:1  | Found a corrupted altar of Lugonu.
    57 | Abyss:1  | Noticed a neqoxec
    58 | D:1      | Escaped the Abyss
   363 | D:1      | Reached ** piety under Lugonu
   368 | D:1      | Reached XP level 2. HP: 5/24 MP: 3/3
   373 | D:1      | HP: 1/24 [frozen (1)]
   944 | D:1      | Reached XP level 3. HP: 29/29 MP: 4/4
   949 | D:1      | Reached skill level 3 in Axes
  1483 | D:1      | Identified a scroll of acquirement
  1483 | D:1      | Acquired the ring "Mecze" {rPois rN+ Str+4}
  1510 | D:2      | Reached XP level 4. HP: 5/37 MP: 5/5
  1987 | D:2      | Reached *** piety under Lugonu
  2054 | D:2      | Reached skill level 4 in Axes
  2084 | D:2      | Reached XP level 5. HP: 36/42 MP: 6/6
  2872 | D:3      | Reached XP level 6. HP: 43/49 MP: 7/7
  3117 | D:3      | Reached skill level 5 in Axes
  3191 | D:3      | Found a faded altar of an unknown god.
  3191 | D:3      | Noticed a golden eye
  3193 | D:3      | Noticed a great orb of eyes
  3194 | D:3      | Noticed a floating eye
  3194 | D:3      | Noticed an eye of devastation
  3702 | D:3      | Slain by a gnoll

Illustrated notes

Levels and vault maps discovered:
D:1:      eino_arrival_tree_alley, layout_loops_cross, serial_bayou,
          serial_bayou_pond_b, serial_bayou_lake_a, serial_bayou_crossing,
          serial_bayou_shore_a, serial_bayou_pond_e
D:2:      layout_rooms
D:3:      minmay_angry_zag, layout_basic,
          hellmonk_ecumenical_altar_watching_god, uniq_natasha

Skill      XL: |  1  2  3  4  5  6 |
---------------+-------------------+-----
Axes           | 3 4 5 |  5.2
Fighting       | 4 |  4.9
Armour         | |  2.1
Dodging        | |  0.8
Invocations    | |  2.1

Action                   |  1- 3 |  4- 6 || total
-------------------------+-------+-------++-------
Melee: Hand axe          |    45 |       ||    45
       Dagger            |    46 |   234 ||   280
       Punch             |     2 |     3 ||     5
Invok: Depart the Abyss  |     1 |       ||     1
       Bend Space        |       |     1 ||     1
 Abil: Dig               |     1 |       ||     1
  Use: Scroll            |     3 |     4 ||     7
 Stab: Sleeping          |     1 |     5 ||     6
Armor: Leather armour    |    25 |    68 ||    93
Dodge: Dodged            |    62 |   141 ||   203

Table legend: (Time is in decaauts)
 A = Elapsed time spent in this place.
 B = Non-inter-level travel time spent in this place.
 C = Inter-level travel time spent in this place.
 D = Time resting spent in this place.
 E = Time spent auto-exploring this place.
 F = Levels seen in this place.
 G = Mean time per level.
                   A        B        C        D        E       F      G
               +--------+--------+--------+--------+--------+-----+--------+
         Total |   3748 |   3720 |     28 |   1033 |   1893 |   4 |  937.0 |
       Dungeon |   3690 |   3662 |     28 |   1033 |   1888 |   3 | 1230.0 |
         Abyss |     58 |     58 |      0 |      0 |      5 |   1 |   58.0 |
               +--------+--------+--------+--------+--------+-----+--------+

Top non-repeatable levels by time:
     D:1: 1732 daAuts
     D:3: 1328 daAuts
     D:2: 629 daAuts
 Abyss:1: 58 daAuts
